Map: Vigía EE

Players

MrFercho

  • Race: Zerg Zerg
  • League: Silver
  • Spawn Location: 5:00

TATORREA

  • Race: Protoss Protoss
  • League: Silver
  • Spawn Location: 6:00

tigro

  • Race: Terran Terran
  • Spawn Location: 5:00

Cyrus

  • Race: Zerg Zerg
  • Spawn Location: 9:00

Bob

  • Race: Terran Terran
  • Spawn Location: 12:00

GhostXIII

  • Race: Protoss Protoss
  • Spawn Location: 9:00

VOD

Have the link to the VOD?

Description

Time

  • Played on: May 14, 2020, 9:50 p.m.
  • Length: 7:18
Show
View Real Time Build Order
Export as new Build Order

MrFercho Zerg 

Build Orders: Pool First 

Get SALT Encoding   

  12  0:01  Drone  
  13  0:15  Overlord  
  13  0:21  Drone  
  14  0:25  Extractor  
  13  0:29  Drone  
  14  0:45  Spawning Pool  
  13  0:53  Drone x3  
  16  1:12  Drone  
  17  1:19  Drone  
  17  1:20  Extractor  
  17  1:34  Drone  
  17  1:39  Queen  
  20  1:42  Drone  
  21  1:47  Drone  
  22  2:03  Hatchery  
  22  2:08  Drone  
  22  2:47  Lair  
  22  3:06  Overlord  
  22  3:07  Overlord x2  
  22  3:08  Overlord  
  22  3:37  Drone x3  
  22  3:40  Drone x3  
  28  3:50  Spire  
  27  3:57  Hatchery  
  27  3:59  Hatchery  
  25  4:20  Drone x3  
  25  4:21  Drone x2  
  30  4:26  Extractor  
  30  4:28  Extractor  
  28  4:34  Drone x3  
    5:15  Mutalisk x2  
    5:16  Mutalisk x3  
  10  5:24  Drone, Mutalisk x2  
  12  5:52  Zergling x12  
  12  5:53  Zergling x6  
Show
View Real Time Build Order
Export as new Build Order

TATORREA Protoss 

Build Orders:  

Get SALT Encoding   

  12  0:03  Probe  
  13  0:16  Probe  
  14  0:34  Probe  
  15  0:39  Pylon  
  15  0:57  Probe  
  16  1:29  Probe  
  17  1:46  Gateway x2  
  17  1:50  Nexus  
  17  1:58  Assimilator  
  17  2:00  Probe  
  18  2:04  Pylon  
  18  2:07  Pylon  
  18  2:12  Probe  
  19  2:24  Probe  
  20  2:36  Probe  
  21  2:42  Assimilator  
  21  2:46  Zealot x2  
  21  2:49  Probe  
  26  3:05  Cybernetics Core  
  26  3:06  Forge  
  26  3:09  Pylon  
  26  3:13  Pylon  
  26  3:18  Probe  
  27  3:22  Probe  
  28  3:30  Probe  
  30  3:34  Warp Gate, Probe  
  30  3:36  Protoss Ground Weapons Level 1 (Chrono Boost)  
  30  3:41  Stalker  
  30  3:42  Stalker  
  30  3:43  Probe  
  30  3:46  Probe  
  36  3:54  Stargate  
  36  3:55  Probe  
  37  3:56  Twilight Council  
  37  3:58  Probe  
  37  3:59  Robotics Facility  
  38  4:07  Probe  
  39  4:10  Probe  
  40  4:51  Oracle  
  43  4:56  Stalker x2  
  39  5:30  Charge  
  17  6:19  Stalker  
  17  6:21  Stalker  
  17  6:33  Void Ray  
Show
View Real Time Build Order
Export as new Build Order

tigro Terran 

Build Orders:  

Get SALT Encoding   

  12  0:03  SCV  
  13  0:17  Supply Depot  
  13  0:18  SCV  
  14  0:30  SCV  
  14  0:34  Refinery  
  15  0:42  SCV  
  16  0:54  SCV  
  16  0:55  Barracks  
  17  1:06  SCV  
  18  1:18  SCV  
  18  1:25  Supply Depot  
  19  1:30  SCV  
  19  1:31  Refinery  
  20  1:42  Marine  
  20  1:43  SCV  
  22  1:55  SCV  
  22  2:00  Marine  
  24  2:03  Barracks  
  24  2:18  Marine  
  25  2:36  Marine  
  26  2:54  Marine  
  27  4:12  Engineering Bay  
  27  4:15  SCV  
  27  4:16  Barracks Reactor x2  
  28  4:27  SCV  
  29  4:34  Factory  
  24  5:35  Factory Tech Lab  
Show
View Real Time Build Order
Export as new Build Order

Cyrus Zerg 

Build Orders: Hatch First 

Get SALT Encoding   

  12  0:01  Drone  
  13  0:09  Drone  
  14  0:18  Overlord  
  14  0:40  Drone  
  14  0:41  Drone x2  
  17  1:03  Drone  
  18  1:10  Hatchery  
  17  1:12  Spawning Pool  
  17  1:15  Drone  
  17  1:24  Drone  
  17  1:25  Drone  
  19  1:26  Extractor  
  18  1:54  Drone  
  18  1:55  Overlord  
  19  2:07  Queen  
  21  2:09  Zergling x2  
  21  2:13  Zergling x2  
  23  2:22  Zergling x2  
  24  2:26  Queen  
  24  2:27  Zergling x2  
  27  2:32  Zergling x2  
  27  2:34  Zergling x2  
  29  2:42  Overlord  
  29  3:01  Zergling x8  
  33  3:15  Zergling x2  
  33  3:16  Zergling x4  
  33  3:18  Metabolic Boost  
  36  3:26  Zergling x2  
  37  3:28  Zergling x2  
  38  3:35  Overlord  
  38  3:38  Zergling x2  
  38  3:39  Zergling x4  
  41  3:51  Drone x3  
  41  3:53  Overlord  
  44  3:55  Lair  
  44  4:11  Drone x2  
  46  4:17  Extractor, Drone x2  
  38  5:52  Spore Crawler  
  38  5:53  Drone x3  
  38  5:54  Queen, Drone  
  38  5:56  Drone x2  
  38  5:57  Drone  
  43  5:58  Spore Crawler  
  39  6:38  Drone x3  
  39  6:39  Drone x3  
  47  7:05  Hydralisk Den  
  46  7:09  Infestation Pit  
  46  7:10  Evolution Chamber x2  
  45  7:16  Extractor  
Show
View Real Time Build Order
Export as new Build Order

Bob Terran 

Build Orders:  

Get SALT Encoding   

  12  0:02  SCV  
  14  0:14  SCV  
  14  0:26  SCV  
  15  0:33  Supply Depot  
  15  0:55  Supply Depot, SCV  
  16  0:59  Barracks  
  16  1:07  SCV  
  17  1:19  SCV  
  17  1:24  Refinery  
  18  1:30  Barracks  
  18  1:31  SCV  
  19  1:57  Refinery  
  19  1:58  SCV  
  19  2:00  Marine  
  21  2:10  SCV  
  22  2:18  Marine  
  23  2:36  Marine  
  24  2:37  Supply Depot  
  24  2:39  SCV  
  25  2:46  Factory  
  25  2:51  SCV  
  25  2:53  Marine  
  25  2:58  Barracks Reactor  
  27  3:03  SCV  
  27  3:04  Supply Depot  
  28  3:11  Marine  
  29  3:18  SCV  
  30  3:29  Marine  
  30  3:34  Engineering Bay, Orbital Command  
  31  3:40  Marine x2  
  33  3:44  Factory Tech Lab  
  33  3:47  Marine  
  34  3:57  Engineering Bay  
  34  3:58  Marine x2  
  36  4:08  Command Center  
  36  4:13  Barracks Tech Lab  
  36  4:15  Marine  
  36  4:16  Marine  
  38  4:24  Siege Tank  
  41  4:33  Marine x2  
  43  4:51  Marine x2  
  45  5:26  SCV  
  46  5:30  Marine x2  
  46  5:34  Marauder  
  50  5:38  SCV  
  51  5:47  Marine  
  51  5:48  Marine  
  53  5:50  SCV  
  53  5:55  Marauder  
  56  6:03  SCV  
  57  6:05  Marine x2  
  59  6:15  SCV  
  59  6:16  Marauder  
  62  6:23  Marine x2  
  58  6:31  SCV  
  56  6:38  Marauder  
  50  6:43  SCV  
  48  6:55  SCV  
Show
View Real Time Build Order
Export as new Build Order

GhostXIII Protoss 

Build Orders: Carrier Rush 

Get SALT Encoding   

  12  0:01  Probe (Chrono Boost)  
  13  0:13  Probe (Chrono Boost)  
  14  0:20  Pylon  
  14  0:22  Probe  
  15  0:38  Probe  
  15  0:41  Gateway  
  16  0:45  Assimilator  
  16  0:50  Probe  
  17  1:04  Probe  
  18  1:16  Probe  
  19  1:25  Pylon  
  19  1:28  Probe  
  20  1:34  Cybernetics Core  
  20  1:39  Assimilator  
  20  1:57  Probe  
  21  2:09  Probe  
  22  2:17  Stargate  
  22  2:26  Nexus  
  22  2:28  Pylon  
  22  2:30  Assimilator  
  22  2:31  Probe  
  23  2:40  Stargate  
  23  2:48  Probe  
  24  3:00  Probe  
  25  3:11  Assimilator  
  25  3:16  Fleet Beacon  
  25  3:19  Probe (Chrono Boost)  
  26  3:29  Probe (Chrono Boost)  
  27  3:35  Probe (Chrono Boost)  
  28  3:42  Probe (Chrono Boost)  
  29  3:52  Probe (Chrono Boost)  
  30  3:57  Probe (Chrono Boost)  
  30  3:58  Carrier (Chrono Boost)  
  37  4:08  Probe  
  38  4:10  Carrier (Chrono Boost)  
  44  4:20  Probe  
  45  4:26  Probe  
  46  4:32  Pylon  
  46  4:33  Probe  
  46  4:38  Probe  
  48  4:40  Pylon  
  48  4:50  Probe  
  48  4:51  Forge  
  49  5:02  Probe  
  49  5:04  Carrier (Chrono Boost)  
  56  5:17  Carrier (Chrono Boost)  
  62  5:54  Carrier  
  68  6:06  Probe  
  70  6:18  Probe  
  70  7:13  Pylon  
  70  7:16  Pylon  
Tags
 
Add a new tag
Caveats
  • Supply blocks, unpowered buildings, or Contaminate may cause inaccurate times.
  • Supply counts are checked every 10 seconds.